 Dungeon Crawl Stone Soup version 0.28-a0-206-gc2c9e32840 (webtiles) character file.

Game seed: 12324521877312803403

180710 theanonym the Warrior (level 17, -3/131 HPs)
             Began as a Mummy Brigand on Aug 20, 2021.
             Was the Champion of Hepliaklqana.
             Slain by a deep elf annihilator (8 damage)
             ... on level 1 of the Elven Halls on Aug 21, 2021.
             The game lasted 01:43:14 (56108 turns).

theanonym the Warrior (Mummy Brigand)              Turns: 56108, Time: 01:43:14

Health: -3/131     AC: 28    Str: 33    XL:     17   Next: 65%
Magic:  17/17      EV:  8    Int: 13    God:    Hepliaklqana [******]
Gold:   792        SH: 15    Dex: 13    Spells: 16/16 levels left

rFire   + + .      SeeInvis .   a - +6 demon blade (venom)
rCold   + + +      Faith    .   d - +2 shield of Resistance {rF++ rC++ Will++}
rNeg    + + +      Spirit   .   m - +2 plate armour {rC+}
rPois   ∞          Reflect  .   s - +2 hat "Ynkuiv" {Contam +Inv rPois Str+8}
rElec   .          Harm     .   y - +0 cloak {rCorr}
rCorr   +          Rampage  .   z - +2 pair of gloves
Will    ++++.                   j - +1 pair of boots
Stlth   ..........              e - amulet of regeneration
HPRegen 1.31/turn               q - ring of fire
MPRegen 0.15/turn               x - +6 ring of strength

@: no status effects
A: reduced essence, cold resistance 1, negative energy resistance 3, torment
resistance 2, heat vulnerability 1, in touch with death 1, no potions
a: Renounce Religion, Evoke Invisibility, Recall Ancestor, Ancestor Identity,
Transference, Idealise


Innate Abilities, Weirdness & Mutations

Your life essence is reduced to manifest your ancestor. (-10% HP)
You are immune to poison.
Your flesh is cold resistant. (rC+)
You are immune to negative energy. (rN+++)
You are immune to unholy pain and torment.
You are vulnerable to heat. (rF-)
You are in touch with the powers of death.
You do not drink.


   Skills:
 + Level 16.8 Fighting
 - Level 13.7(14.0) Short Blades
 * Level 4.4(10.2) Long Blades
 - Level 1.5 Throwing
 + Level 13.6 Armour
 - Level 0.7 Dodging
 - Level 3.2 Stealth
 + Level 14.2 Shields


You had 16 spell levels left.
You didn't know any spells.
Your spell library contained the following spells:

 Spells                   Type           Power      Damage    Failure   Level
 Animate Skeleton         Necr           0%         N/A       86%         1
 Apportation              Tloc           0%         N/A       86%         1
 Corona                   Hex            0%         N/A       86%         1
 Foxfire                  Conj/Fire      0%         2x1d4     86%         1
 Freeze                   Ice            0%         1d3       86%         1
 Shock                    Conj/Air       0%         1d3       86%         1
 Summon Small Mammal      Summ           0%         N/A       86%         1
 Blink                    Tloc           N/A        N/A       95%         2
 Corpse Rot               Necr/Air       N/A        N/A       95%         2
 Ensorcelled Hibernation  Hex/Ice        0%         N/A       95%         2
 Passwall                 Tmut/Erth      0%         N/A       95%         2
 Conjure Flame            Conj/Fire      0%         6-21      99%         3
 Frozen Ramparts          Ice            0%         1d2       99%         3
 Inner Flame              Hex/Fire       0%         N/A       99%         3
 Lesser Beckoning         Tloc           0%         N/A       99%         3
 Ozocubu's Armour         Ice            0%         N/A       99%         3
 Swiftness                Air            0%         N/A       99%         3
 Tukima's Dance           Hex            0%         N/A       99%         3
 Vampiric Draining        Necr           0%         2d6       99%         3
 Airstrike                Air            0%         N/A       100%        4
 Animate Armour           Summ/Erth      0%         N/A       100%        4
 Dispel Undead            Necr           0%         3d6       100%        4
 Hailstorm                Conj/Ice       0%         3d3       100%        4
 Summon Lightning Spire   Summ/Air       0%         N/A       100%        4
 Excruciating Wounds      Necr           0%         N/A       100%        5
 Fireball                 Conj/Fire      0%         3d3       100%        5
 Freezing Cloud           Conj/Ice/Air   0%         6-21      100%        5
 Lightning Bolt           Conj/Air       0%         1d11      100%        5
 Manifold Assault         Tloc           0%         N/A       100%        5
 Metabolic Englaciation   Hex/Ice        0%         N/A       100%        5
 Death Channel            Necr           0%         N/A       100%        6
 Invisibility             Hex            0%         N/A       100%        6
 Iron Shot                Conj/Erth      0%         9d1       100%        6
 Simulacrum               Ice/Necr       0%         N/A       100%        6
 Infestation              Necr           0%         N/A       100%        8
 Polar Vortex             Ice            0%         N/A       100%        9
 Blade Hands              Tmut           Unusable   N/A       N/A         5
 Borgnjor's Revivificati  Necr           Unusable   N/A       N/A         8

Skill      XL: |  1  2  3  4  5  6  7  8  9 10 11 12 13 14 15 16 17 |
---------------+----------------------------------------------------+-----
Short Blades   | 2 3 4 5 6 8 10 11 12 13 | 13.7
Fighting       | 3 4 5 7 8 9 11 13 14 15 16 | 16.8
Shields        | 3 6 8 10 11 12 13 14 | 14.2
Armour         | 4 7 10 12 13 | 13.6
Long Blades    | 3 4 |  4.4
Throwing       | |  1.5
Dodging        | |  0.7
Stealth        | |  3.2

Action                   |  1- 3 |  4- 6 |  7- 9 | 10-12 | 13-15 | 16-18 || total
-------------------------+-------+-------+-------+-------+-------+-------++-------
Melee: Dagger            |    50 |       |       |    86 |       |       ||   136
       Short sword       |    42 |   143 |    48 |   802 |  1427 |       ||  2462
       Rapier            |       |       |   357 |   287 |   802 |   963 ||  2409
       Scimitar          |       |       |       |       |       |   133 ||   133
       Demon blade       |       |       |       |       |       |    32 ||    32
Throw: Dart              |       |     3 |    40 |    24 |    17 |       ||    84
       Throwing net      |       |       |       |     2 |       |       ||     2
Invok: Ancestor Identity |     1 |       |       |       |       |       ||     1
       Ancestor Life: He |     1 |       |       |       |       |       ||     1
       Recall Ancestor   |       |       |     1 |     7 |     6 |     6 ||    20
Evoke: Wand              |       |       |     8 |    18 |    24 |     9 ||    59
       Piece from Xom's  |       |       |       |       |     2 |     5 ||     7
       Phantom mirror    |       |       |       |       |     1 |     1 ||     2
  Use: Scroll            |       |     2 |    10 |     4 |    17 |    17 ||    50
 Stab: Sleeping          |     9 |       |     2 |       |       |       ||    11
       Distracted        |       |     4 |     3 |    20 |    16 |     9 ||    52
       Confused          |       |     3 |    11 |    31 |    22 |    12 ||    79
       Invisible         |       |       |       |     2 |       |       ||     2
       Paralysed         |       |       |       |       |    25 |    22 ||    47
       Petrified         |       |       |       |       |     2 |       ||     2
Armor: Robe              |     2 |       |       |       |       |       ||     2
       Leather armour    |    27 |    51 |    66 |       |       |       ||   144
       Chain mail        |       |       |    90 |   147 |       |       ||   237
       Plate armour      |       |       |       |   437 |   935 |   421 ||  1793
Dodge: Dodged            |    64 |    89 |   168 |   115 |   353 |   190 ||   979
Block: Kite shield       |       |       |       |   552 |  1035 |   729 ||  2316
       Reflection        |       |       |       |       |       |    44 ||    44
       Rpst.: Scimitar   |       |       |       |       |       |     6 ||     6
       Demon blade       |       |       |       |       |       |     5 ||     5

Inventory:

Hand Weapons
 a - a +6 demon blade of venom (weapon)
 b - a +1 rapier of freezing
 h - the +6 rapier "Lohepsyo" {flame, rF+ Will+ MP+9 Dex-2}

   It burns those it strikes, dealing additional fire damage.
   Dex:       It affects your dexterity (-2).
   rF:        It protects you from fire.
   MP:        It affects your magic capacity (+9).
   Will:      It increases your willpower.
Missiles
 i - 2 throwing nets
 u - 85 poisoned darts (quivered)
 C - 4 curare-tipped darts
Armour
 d - the +2 shield of Resistance (worn) {rF++ rC++ Will++} rF: It greatly protects you from fire. rC: It greatly protects you from cold. Will: It greatly increases your willpower.
 j - a +1 pair of boots (worn)
 m - a +2 plate armour of cold resistance (worn)
 s - the +2 hat "Ynkuiv" (worn) {Contam +Inv rPois Str+8}

   Str:       It affects your strength (+8).
   rPois:     It protects you from poison.
   +Inv:      It lets you turn invisible.
   Contam:    It causes magical contamination when unequipped.
 y - a +0 cloak of preservation (worn)
 z - a +2 pair of gloves (worn)
Jewellery
 e - an amulet of regeneration (around neck)
 k - a ring of protection from cold
 p - a ring of willpower
 q - a ring of fire (left hand)
 x - a +6 ring of strength (right hand)
 I - an amulet of reflection
Wands
 c - a wand of charming (4)
 o - a wand of mindburst (34)
 t - a wand of paralysis (6)
 v - a wand of acid (6)
 w - a wand of flame (85)
 E - a wand of iceblast (32)
 H - a wand of polymorph (29)
Scrolls
 f - a scroll of fog
 l - 6 scrolls of immolation
 r - 21 scrolls of identify
 B - 2 scrolls of blinking
Miscellaneous
 g - a piece from Xom's chessboard (12/15)
 n - a phantom mirror (inert)


You were on level 1 of the Elven Halls.
You worshipped Hepliaklqana.
Hepliaklqana was exalted by your worship.
You visited 6 branches of the dungeon, and saw 30 of its levels.
You also visited: Bailey, Gauntlet, Ice Cave and Volcano.

You collected 3765 gold pieces.
You spent 2973 gold pieces at shops.

Dungeon Overview and Level Annotations

Branches:
Dungeon (15/15)            Temple (0/1) D:4            Lair (6/6) D:11
  Swamp (2/4) Lair:4        Snake (4/4) Lair:2        Slime (0/5) Lair:6
    Orc (2/2) D:11            Elf (1/3) Orc:2        Vaults (0/5) D:13
 Depths (0/5) D:15         Bailey (visited)           IceCv (visited)
Volcano (visited)         Gauntlet (visited)

Altars:
Cheibriados
Dithmenos
Gozag
Hepliaklqana
Makhleb
Nemelex Xobeh
Sif Muna
Vehumet
Wu Jian
Beogh
Jiyva

Shops:
Orc:2 ((*[=   Snake:1 :[   Snake:2 *

Annotations:
Lair:4 exclusion: oklob plant
Swamp:1 Roxanne
Swamp:2 Nikola
Snake:2 3 runed translucent doors, Huteats's ghost, adept VSFi
Snake:3 1 runed translucent door, skAll's ghost, journeyman TrWn

. #. ###### #.E
..... #.. ....
#...###########..#
#...[).......#..+
#..e°°☼Ee.)..#..#
...#○#####@##..'..#
#§e§eE(e§#..#..#
#§§§§EeE§#..#..#
#+########..#..#
.... ...#..# ......
....#..# ..
#####+##
######..########+
.................
.................


You could see a deep elf annihilator, a deep elf archer (repels missiles), a
deep elf pyromancer, 4 fire elementals, a +5 trident of protection (summoned)
and a friendly deep elf annihilator (summoned, drained).

Notes
Turn   | Place    | Note
-------+----------+-------------------------------------------
     0 | D:1      | theanonym the Mummy Brigand began the quest for the Orb.
     0 | D:1      | Reached XP level 1. HP: 16/16 MP: 1/1
    80 | D:1      | Found a faded altar of an unknown god.
   113 | D:1      | Reached skill level 2 in Short Blades
   121 | D:1      | Became a worshipper of Hepliaklqana the Forgotten
   121 | D:1      | Reached * piety under Hepliaklqana
   227 | D:1      | Reached XP level 2. HP: 19/19 MP: 2/2
  1103 | D:2      | Reached XP level 3. HP: 25/25 MP: 3/3
  1317 | D:2      | Reached skill level 3 in Short Blades
  1434 | D:2      | Reached ** piety under Hepliaklqana
  1435 | D:2      | Remembered your ancestor Yoba as a hexer
  1474 | D:2      | Reached XP level 4. HP: 29/30 MP: 4/4
  1877 | D:3      | Reached skill level 3 in Fighting
  2442 | D:4      | Noticed a black bear
  2454 | D:4      | Killed a black bear
  2455 | D:4      | Reached XP level 5. HP: 22/36 MP: 5/5
  2462 | D:4      | HP: 17/36 [shadow imp (2)]
  2475 | D:4      | HP: 16/36 [shadow imp (3)]
  2481 | D:3      | Reached skill level 4 in Short Blades
  2802 | D:4      | Reached *** piety under Hepliaklqana
  2816 | D:4      | HP: 17/36 [iguana (7)]
  2839 | D:4      | Noticed Grinder
  3112 | D:4      | Found a shadowy altar of Dithmenos.
  3250 | D:4      | Found a staircase to the Ecumenical Temple.
  3577 | D:4      | Reached XP level 6. HP: 34/43 MP: 6/6
  4005 | D:5      | Entered Level 5 of the Dungeon
  4011 | D:4      | HP: 21/43 [acid (5)]
  4013 | D:4      | Reached skill level 4 in Fighting
  4312 | D:5      | Got the Grimoire of the Ghastly Blaze
  4343 | D:5      | Reached skill level 5 in Short Blades
  4380 | D:5      | Found a shimmering blue altar of Sif Muna.
  4405 | D:5      | Reached XP level 7. HP: 28/49 MP: 7/7
  4761 | D:5      | Reached **** piety under Hepliaklqana
  4850 | D:5      | Reached skill level 5 in Fighting
  5112 | D:5      | Reached skill level 6 in Short Blades
  5142 | D:5      | HP: 24/50 [gnoll (3)]
  5852 | D:5      | Reached XP level 8. HP: 42/56 MP: 8/8
  6071 | D:6      | Reached skill level 6 in Fighting
  6071 | D:6      | Reached skill level 7 in Short Blades
  6236 | D:6      | HP: 27/57 [phantom (4)]
  6241 | D:6      | HP: 22/57 [phantom (5)]
  7147 | D:6      | Reached skill level 8 in Short Blades
  7315 | D:6      | HP: 19/58 [ogre (26)]
  7319 | D:6      | Reached skill level 7 in Fighting
  7564 | D:6      | Reached XP level 9. HP: 64/64 MP: 9/9
  8698 | D:7      | HP: 31/64 [wyvern (11)]
  8701 | D:7      | Reached skill level 9 in Short Blades
  9006 | D:7      | HP: 31/65 [water moccasin (5)]
  9012 | D:7      | HP: 19/66 [shadow (3)]
  9016 | D:7      | HP: 9/66 [shadow (5)]
  9018 | D:7      | Reached skill level 8 in Fighting
  9711 | D:7      | Found a sparkling altar of Nemelex Xobeh.
 10060 | D:7      | Reached ***** piety under Hepliaklqana
 10210 | D:8      | HP: 32/67 [yak (9)]
 10211 | D:8      | HP: 10/67 [yak (11)]
 10505 | D:8      | HP: 30/67 [gnoll (10)]
 10506 | D:8      | Reached skill level 10 in Short Blades
 10506 | D:8      | Reached XP level 10. HP: 33/73 MP: 10/10
 10966 | D:7      | Reached skill level 1 in Shields
 11105 | D:8      | Got the Almanac of Necromancy
 11200 | D:8      | Reached skill level 9 in Fighting
 11360 | D:8      | HP: 37/74 [bullfrog (1)]
 11366 | D:8      | HP: 31/74 [bullfrog (1)]
 11376 | D:8      | HP: 32/74 [bullfrog (1)]
 11763 | D:8      | Noticed a cyclops
 11773 | D:8      | Killed a cyclops
 11774 | D:8      | Reached skill level 2 in Shields
 11918 | D:7      | HP: 35/74 [orc warrior (5)]
 11925 | D:7      | HP: 13/74 [orc warrior (13)]
 11933 | D:7      | HP: 10/74 [orc warrior (5)]
 12540 | D:8      | You fall into a shaft and drop 3 floors!
 12593 | D:11     | HP: 37/74 [orc (2)]
 12598 | D:11     | HP: 33/74 [vampire mosquito (5)]
 12599 | D:11     | Reached skill level 11 in Short Blades
 12925 | D:10     | Entered Level 10 of the Dungeon
 12971 | D:10     | Reached skill level 3 in Shields
 13139 | D:9      | Found a radiant altar of Vehumet.
 13139 | D:9      | Found a shadowy altar of Dithmenos.
 13139 | D:9      | Found a snail-covered altar of Cheibriados.
 13139 | D:9      | Found an opulent altar of Gozag.
 13186 | D:9      | Noticed Erolcha
 13196 | D:9      | HP: 21/74 [something (28)]
 13197 | D:9      | HP: 8/74 [something (13)]
 13496 | D:9      | Found a burning altar of Makhleb.
 13622 | D:9      | Noticed Psyche
 13640 | D:9      | Killed Psyche
 13764 | D:9      | Found an ornate altar of the Wu Jian Council.
 13845 | D:9      | HP: 35/75 [killer bee (6)]
 13851 | D:9      | HP: 26/75 [killer bee (6)]
 13861 | D:9      | HP: 25/75 [killer bee (3)]
 13864 | D:9      | Reached XP level 11. HP: 28/81 MP: 9/11
 13877 | D:9      | Killed Erolcha
 13878 | D:9      | Reached skill level 10 in Fighting
 13893 | D:9      | HP: 33/81 [centaur (1)]
 13919 | D:9      | HP: 25/81 [killer bee (2)]
 13924 | D:9      | HP: 20/81 [something (4)]
 14235 | D:8      | Reached skill level 4 in Shields
 15764 | D:9      | Identified the +6 halberd of Zoow {vorpal, Dex-4 SInv
                  | Stlth+}
 15832 | D:9      | Reached skill level 5 in Shields
 15924 | D:9      | Noticed a death knight
 16216 | D:9      | Noticed a two-headed ogre
 16225 | D:9      | Killed a two-headed ogre
 16283 | D:9      | Killed a death knight
 16907 | D:10     | Reached skill level 11 in Fighting
 16921 | D:10     | Reached skill level 12 in Short Blades
 16921 | D:10     | Noticed a sixfirhy
 17839 | D:4      | Paralysed by Grinder for 3 turns
 17854 | D:4      | Killed Grinder
 17855 | D:4      | Reached skill level 6 in Shields
 18199 | D:11     | Noticed a centaur warrior
 18212 | D:11     | Killed a centaur warrior
 18213 | D:11     | Reached XP level 12. HP: 90/90 MP: 12/12
 18344 | D:11     | Found a staircase to the Lair.
 19074 | D:11     | Found a staircase to the Orcish Mines.
 19486 | Lair:1   | Entered Level 1 of the Lair of Beasts
 19714 | Lair:1   | Reached skill level 7 in Shields
 19861 | Lair:1   | Reached skill level 12 in Fighting
 19986 | Lair:1   | HP: 43/91 [cane toad (8)]
 19994 | Lair:1   | HP: 34/91 [bullfrog (2)]
 20007 | Lair:1   | HP: 32/91 [hell rat (5)]
 20013 | Lair:1   | HP: 30/91 [hell rat (3)]
 20591 | Lair:1   | HP: 44/92 [wolf (4)]
 20603 | Lair:1   | HP: 40/92 [blink frog (3)]
 20613 | Lair:1   | HP: 41/92 [blink frog (1)]
 20630 | Lair:1   | HP: 43/92 [bullfrog (1)]
 20651 | Lair:1   | Reached skill level 8 in Shields
 20891 | Lair:1   | Noticed a six-headed hydra
 20898 | Lair:1   | Killed a six-headed hydra
 21148 | Lair:1   | HP: 39/92 [hell rat (9)]
 21640 | Lair:2   | Noticed a boulder beetle
 21693 | Lair:2   | Reached skill level 13 in Fighting
 21702 | Lair:2   | HP: 47/94 [boulder beetle (12)]
 21706 | Lair:2   | Killed a boulder beetle
 22010 | Lair:2   | Reached ****** piety under Hepliaklqana
 22218 | Lair:1   | Gained mutation: You are in touch with the powers of death.
                  | [Mummy growth]
 22218 | Lair:1   | Reached XP level 13. HP: 84/99 MP: 13/13
 22225 | Lair:1   | Reached skill level 9 in Shields
 22711 | Lair:2   | Found a staircase to the Snake Pit.
 22919 | Lair:2   | Identified a scroll of acquirement
 22920 | Lair:2   | Acquired the +2 hat "Ynkuiv" {Contam +Inv rPois Str+8}
 23588 | Lair:3   | Noticed Fannar
 23606 | Lair:3   | Killed Fannar
 23607 | Lair:3   | Reached skill level 1 in Armour
 24313 | Lair:4   | Reached skill level 2 in Armour
 24439 | Lair:4   | Found a staircase to the Swamp.
 24816 | Lair:4   | Reached skill level 14 in Fighting
 24822 | Lair:4   | HP: 44/101 [death yak (10)]
 24860 | Lair:4   | HP: 30/101 [death yak (3)]
 24865 | Lair:3   | Reached skill level 3 in Armour
 25147 | Lair:3   | Reached skill level 10 in Shields
 26082 | Lair:5   | Reached skill level 4 in Armour
 26095 | Lair:5   | Found a gate leading to a gauntlet.
 26117 | Gauntlet | Entered a Gauntlet
 26117 | Gauntlet | Found a large runed translucent door.
 26117 | Gauntlet | Found a large runed translucent door.
 26117 | Gauntlet | Found a large runed translucent door.
 26117 | Gauntlet | Found a large runed translucent door.
 26117 | Gauntlet | Found a runed translucent door.
 26117 | Gauntlet | Found a large runed translucent door.
 26117 | Gauntlet | Found a large runed translucent door.
 26117 | Gauntlet | Found a transporter.
 26117 | Gauntlet | Found a transporter.
 26117 | Gauntlet | Found a large runed translucent door.
 26117 | Gauntlet | Found a large runed translucent door.
 26117 | Gauntlet | Found a runed translucent gate.
 26117 | Gauntlet | Found a runed translucent gate.
 26117 | Gauntlet | Found a transporter.
 26118 | Gauntlet | Found a transporter.
 26121 | Gauntlet | Found a transporter.
 26122 | Gauntlet | Found a runed translucent gate.
 26122 | Gauntlet | Found a runed translucent door.
 26135 | Gauntlet | Found a transporter.
 26146 | Gauntlet | Found a transporter.
 26154 | Gauntlet | Found a transporter.
 26172 | Gauntlet | Found a transporter.
 26180 | Gauntlet | Found a transporter.
 26197 | Gauntlet | Found a transporter.
 26221 | Gauntlet | Found a large runed translucent door.
 26221 | Gauntlet | Found a large runed translucent door.
 26221 | Gauntlet | Found a large runed translucent door.
 26221 | Gauntlet | Found a large runed translucent door.
 26222 | Gauntlet | Found a large runed translucent door.
 26222 | Gauntlet | Found a large runed translucent door.
 26223 | Gauntlet | Found a large runed translucent door.
 26223 | Gauntlet | Found a large runed translucent door.
 26248 | Gauntlet | Found a transporter.
 26337 | Gauntlet | Identified the ring "Boll" {rPois Dex+6}
 26768 | Gauntlet | Noticed a minotaur
 26789 | Gauntlet | HP: 44/102 [minotaur (16)]
 26791 | Gauntlet | Killed a minotaur
 26796 | Gauntlet | Identified the +5 broad axe "Toesaf" {spect, rF+ rN+ Str+2
                  | Stlth+}
 26796 | Gauntlet | Identified the +1 buckler "Sarimuiru" {rPois rN+ Slay+2
                  | SInv}
 27077 | Lair:5   | Reached XP level 14. HP: 105/108 MP: 14/14
 27681 | Lair:5   | Found a runed translucent door.
 27681 | Lair:5   | Noticed Ezendos's ghost (journeyman GnBr)
 27763 | Lair:5   | HP: 53/108 [Ezendos's ghost (3)]
 28094 | Lair:4   | HP: 53/108 [Ezendos's ghost (3)]
 28564 | Lair:5   | Reached skill level 5 in Armour
 28614 | Lair:6   | Entered Level 6 of the Lair of Beasts
 28723 | Lair:6   | Found a dark tunnel.
 28762 | Volcano  | Entered a volcano
 29022 | Lair:6   | Acquired a +0 cloak of preservation
 29303 | Lair:6   | HP: 52/108 [black mamba (10)]
 29934 | Lair:6   | Found a viscous altar of Jiyva.
 29934 | Lair:6   | Found a staircase to the Slime Pits.
 30338 | Lair:6   | Reached skill level 11 in Shields
 30414 | Lair:6   | Reached skill level 15 in Fighting
 30628 | Lair:6   | Reached skill level 6 in Armour
 30830 | Lair:6   | HP: 51/110 [yak (7)]
 32436 | D:12     | Found a flagged portal.
 32685 | Bailey   | Entered a bailey
 34171 | D:13     | HP: 53/110 [tengu warrior (3)]
 34173 | D:13     | Reached skill level 7 in Armour
 34176 | D:13     | HP: 48/110 [troll (2)]
 34182 | D:13     | HP: 31/110 [troll (3)]
 34190 | D:13     | HP: 29/110 [tengu warrior[a tengu warrior] (4)]
 34195 | D:13     | HP: 27/110 [tengu warrior[a tengu warrior] (3)]
 34972 | D:13     | Found a gate to the Vaults.
 35196 | D:14     | Found a frozen archway.
 35223 | D:13     | HP: 45/110 [red ugly thing (17)]
 35232 | D:13     | HP: 20/110 [white ugly thing (5)]
 35234 | D:13     | HP: 9/110 [white ugly thing (3)]
 35654 | D:13     | Reached XP level 15. HP: 82/116 MP: 15/15
 35721 | D:14     | Acquired the +6 rapier "Lohepsyo" {flame, rF+ Will+ MP+9
                  | Dex-2}
 35757 | IceCv    | Entered an ice cave
 35763 | IceCv    | HP: 58/117 [minotaur simulacrum (5)]
 36223 | IceCv    | Reached skill level 8 in Armour
 36602 | IceCv    | Reached skill level 12 in Shields
 36842 | IceCv    | Noticed an Ice Fiend
 36867 | IceCv    | HP: 58/117 [something (3)]
 37244 | IceCv    | HP: 55/117 [Ice Fiend/bolt of cold (5)]
 37248 | IceCv    | HP: 23/117 [Ice Fiend (13)]
 37250 | IceCv    | Killed an Ice Fiend
 38244 | D:14     | Reached skill level 9 in Armour
 38734 | D:15     | Entered Level 15 of the Dungeon
 38781 | D:15     | HP: 58/117 [spark wasp zombie (12)]
 39391 | D:15     | Found a staircase to the Depths.
 40249 | Orc:1    | Entered Level 1 of the Orcish Mines
 40364 | Orc:2    | Entered Level 2 of the Orcish Mines
 40364 | Orc:2    | Found Tutuph's Jewellery Shoppe.
 40364 | Orc:2    | Noticed an orc warlord
 40392 | Orc:2    | HP: 58/117 [sixfirhy[an orc high priest] (9)]
 40412 | Orc:2    | HP: 57/117 [troll (4)]
 40413 | Orc:2    | Noticed Azrael
 40418 | Orc:2    | HP: 50/117 [fire elemental[Azrael] (2)]
 40423 | Orc:2    | HP: 35/117 [fire elemental[Azrael] (4)]
 40426 | Orc:2    | Found Baezocly's Weapon Boutique.
 40426 | Orc:2    | Found a staircase to the Elven Halls.
 40426 | Orc:2    | Found Guffyapn's Antique Weapon Emporium.
 40426 | Orc:2    | Noticed Jorgrun
 40434 | Orc:2    | HP: 17/117 [constriction (5)]
 40437 | Orc:2    | Noticed Snorg
 40441 | Orc:2    | HP: 11/117 [Jorgrun/blast of rock fragments (8)]
 41482 | Orc:1    | HP: 57/117 [Jorgrun (4)]
 41486 | Orc:1    | Killed Jorgrun
 41487 | Orc:1    | Reached skill level 13 in Short Blades
 41487 | Orc:1    | Reached skill level 10 in Armour
 41489 | Orc:1    | HP: 53/117 [Snorg (6)]
 41494 | Orc:1    | HP: 34/117 [Snorg (8)]
 41499 | Orc:1    | HP: 14/117 [Snorg (7)]
 41886 | Orc:1    | Killed Snorg
 42307 | Orc:1    | Killed an orc warlord
 42358 | Orc:2    | Reached XP level 16. HP: 104/124 MP: 16/16
 42927 | Orc:2    | Killed Azrael
 43182 | Orc:2    | Found Uruant's Antique Armour Shop.
 43191 | Orc:2    | Bought the +2 shield of Resistance {rF++ rC++ Will++} for
                  | 1557 gold pieces
 43191 | Orc:2    | Found the +2 shield of Resistance {rF++ rC++ Will++}
 43262 | Orc:2    | Bought an amulet of regeneration for 480 gold pieces
 43278 | Orc:2    | Bought a +6 ring of strength for 936 gold pieces
 43343 | Orc:2    | Found Atoxuwk's General Store.
 43720 | Lair:4   | Killed Ezendos's ghost
 44064 | Snake:1  | Entered Level 1 of the Snake Pit
 44080 | Snake:1  | Found Ifuano's Antique Armour Shop.
 44084 | Snake:1  | Found Pohe's Book Shop.
 44777 | Snake:1  | Reached skill level 1 in Long Blades
 44781 | Snake:1  | HP: 57/124 [salamander (8)]
 44787 | Snake:1  | HP: 45/124 [naga (2)]
 45515 | Snake:1  | Reached skill level 2 in Long Blades
 45516 | Snake:1  | Reached skill level 11 in Armour
 45942 | Snake:1  | HP: 50/124 [shock serpent/bolt of electricity (19)]
 45951 | Snake:1  | HP: 24/124 [anaconda (5)]
 46737 | Snake:1  | Reached skill level 3 in Long Blades
 46771 | Snake:1  | Reached skill level 13 in Shields
 46777 | Snake:1  | HP: 53/124 [naga mage (18)]
 46783 | Snake:1  | HP: 39/124 [salamander tyrant (12)]
 46792 | Snake:1  | HP: 35/124 [salamander tyrant (6)]
 46798 | Snake:1  | HP: 11/124 [salamander tyrant/flame surge (11)]
 46845 | Snake:1  | HP: 16/124 [shock serpent (9)]
 46845 | Snake:1  | HP: 4/124 [shock serpent (12)]
 48158 | Snake:1  | HP: 49/124 [shock serpent/bolt of electricity (14)]
 48838 | Snake:2  | Reached skill level 12 in Armour
 49447 | Snake:2  | Found a runed translucent gate.
 49447 | Snake:2  | Found a runed translucent gate.
 49447 | Snake:2  | Found an opulent altar of Gozag.
 49447 | Snake:2  | Found a runed translucent gate.
 49447 | Snake:2  | Found Kyosy's Assorted Antiques.
 49447 | Snake:2  | Noticed Huteats's ghost (adept VSFi)
 50386 | Snake:3  | Reached skill level 16 in Fighting
 50885 | Snake:3  | Found a runed translucent door.
 51073 | Snake:3  | HP: 53/124 [naga warrior (21)]
 51449 | Snake:3  | Noticed skAll's ghost (journeyman TrWn)
 51852 | Snake:4  | Entered Level 4 of the Snake Pit
 52220 | Lair:4   | Found a staircase to the Swamp.
 52784 | Swamp:1  | Entered Level 1 of the Swamp
 52790 | Swamp:1  | Noticed Kirke
 52793 | Swamp:1  | HP: 60/124 [spriggan rider (13)]
 52799 | Lair:4   | HP: 58/124 [eight-headed hydra (3)]
 52801 | Lair:4   | Reached XP level 17. HP: 60/129 MP: 17/17
 53102 | Lair:4   | Killed Kirke
 53424 | Swamp:1  | Reached skill level 13 in Armour
 53436 | Swamp:1  | HP: 61/129 [spriggan rider (10)]
 53444 | Swamp:1  | HP: 40/129 [spriggan rider (6)]
 53456 | Swamp:1  | HP: 33/129 [spriggan rider (9)]
 53470 | Swamp:1  | HP: 20/130 [spriggan rider (17)]
 54191 | Swamp:1  | Noticed Roxanne
 54198 | Swamp:1  | HP: 53/130 [Roxanne/iron shot (52)]
 54610 | Swamp:1  | HP: 61/130 [will-o-the-wisp (8)]
 54615 | Swamp:1  | HP: 59/130 [bunyip (5)]
 54626 | Swamp:1  | HP: 41/130 [bunyip (7)]
 54825 | Swamp:1  | Reached skill level 14 in Shields
 55119 | Swamp:2  | HP: 49/131 [thorn hunter/volley of thorns (24)]
 55269 | Swamp:2  | Noticed Nikola
 55271 | Swamp:2  | HP: 64/131 [Nikola (14)]
 55274 | Swamp:2  | HP: 19/131 [Nikola/arc of chain lightning (47)]
 55294 | Swamp:2  | HP: 43/131 [swamp dragon (4)]
 55558 | Elf:1    | Entered Level 1 of the Elven Halls
 55591 | Elf:1    | Found a radiant altar of Vehumet.
 55594 | Elf:1    | Paralysed by an air elemental for 1 turns
 55711 | Elf:1    | HP: 65/131 [deep elf zephyrmancer/bolt of lightning (25)]
 55838 | Elf:1    | Reached skill level 4 in Long Blades
 56004 | Elf:1    | Acquired a +1 demon blade of venom
 56083 | Elf:1    | HP: 63/131 [deep elf archer/arrow (8)]
 56097 | Elf:1    | HP: 57/131 [deep elf archer/arrow (11)]
 56102 | Elf:1    | HP: 36/131 [+5 trident of protection[a boggart] (5)]
 56104 | Elf:1    | HP: 16/131 [fire elemental[a deep elf pyromancer] (3)]
 56107 | Elf:1    | HP: 5/131 [+5 trident of protection[a boggart] (14)]
 56108 | Elf:1    | Slain by a deep elf annihilator

Vanquished Creatures
  Jorgrun (Orc:1)
  An Ice Fiend (IceCv)
  Kirke (Lair:4)
  A thorn hunter (Swamp:2)
  2 nagarajas
  An orc warlord (Orc:1)
  The ghost of Ezendos the Covert, a journeyman GnBr of Lugonu (Lair:4)
  A very ugly thing (IceCv)
  A minotaur (Gauntlet)
  3 bunyips
  An eleionoma (Swamp:1)
  Snorg (Orc:1)
  A rakshasa (D:14)
  8 hydras
  A salamander tyrant (Snake:1)
  Erolcha (D:9)
  Fannar (Lair:3)
  4 catoblepae
  2 boulder beetles
  2 ghost crabs (Swamp:1)
  6 naga warriors
  4 caustic shrike simulacra (IceCv)
  A centaur warrior (D:11)
  8 anacondas
  2 two-headed ogres
  A death knight (D:9)
  4 alligators
  9 death yaks
  2 naga sharpshooters
  A dancing weapon (Elf:1)
  2 tengu warriors (D:13)
  4 shock serpents
  5 orc high priests
  3 spriggans (Swamp:1)
  A soul eater (Gauntlet)
  A salamander mystic (Snake:1)
  A spark wasp zombie (D:15)
  5 skeletal warriors
  2 death drakes (Swamp:1)
  3 goliath frogs
  3 swamp dragons (Swamp:1)
  2 obsidian statues (IceCv)
  A flayed ghost (D:15)
  3 bog bodies
  4 orc knights
  2 deep elf archers (Elf:1)
  3 deep elf pyromancers (Elf:1)
  6 deep elf zephyrmancers (Elf:1)
  A necromancer (D:15)
  7 mana vipers
  12 ugly things
  A cyclops (shapeshifter) (D:13)
  3 orc sorcerers (Orc:2)
  6 cyclopes
  An orb spider (shapeshifter) (D:13)
  A will-o-the-wisp (Swamp:1)
  8 salamanders
  4 manticores
  4 elephants
  A worldbinder (Gauntlet)
  An elf zombie (D:15)
  9 naga magi
  16 black mambas
  A gargoyle (Gauntlet)
  13 cane toads
  2 rime drakes (Lair:3)
  2 torpor snails
  Psyche (D:9)
  A tengu conjurer (Elf:1)
  3 freezing wraiths (IceCv)
  2 kobold demonologists (D:10)
  A golden dragon simulacrum (IceCv)
  9 trolls
  2 entropy weaver simulacra (IceCv)
  6 komodo dragons
  3 polar bears
  4 hornets (Swamp:1)
  5 tyrant leeches
  Grinder (D:4)
  An ice dragon zombie (D:15)
  10 dream sheep
  A deep troll zombie (D:15)
  15 blink frogs
  2 centaur simulacra (Gauntlet)
  An air elemental (Elf:1)
  A dire elephant simulacrum (IceCv)
  A wraith (D:13)
  A vampire (D:11)
  2 shadows
  39 yaks
  7 wyverns
  3 hogs (Lair:4)
  A water elemental (Elf:1)
  9 fire elementals
  2 fire bats (Volcano)
  2 steam dragons
  9 basilisks
  4 vampire mosquitoes
  A harpy simulacrum (IceCv)
  A minotaur simulacrum (IceCv)
  6 swamp worms
  19 nagas
  3 wargs
  3 hydra simulacra (IceCv)
  An acid dragon (shapeshifter) (D:13)
  18 water moccasins
  A water moccasin (shapeshifter) (D:13)
  4 acid dragons
  A hell hound (Orc:1)
  27 orc warriors
  A sky beast (D:6)
  An ettin simulacrum (IceCv)
  2 black bears
  An ice beast (D:5)
  11 wolves
  8 ogres
  A boggart (Gauntlet)
  8 centaurs
  2 phantoms
  3 kobold brigands
  6 gnoll sergeants
  16 bullfrogs
  2 earth elementals (Elf:1)
  2 wyvern zombies
  A scorpion (D:5)
  2 water moccasin skeletons (D:6)
  3 wights
  15 killer bees
  5 howler monkeys
  A lindwurm simulacrum (IceCv)
  A bullfrog zombie (D:6)
  3 centaur zombies
  A lava snake (Volcano)
  2 hounds
  7 orc priests
  A bullfrog skeleton (D:5)
  3 jellies
  2 centaur skeletons (D:7)
  3 iguanas
  A gnoll shaman (D:7)
  2 hell rats (Lair:1)
  3 hexers
  11 orc wizards
  A killer bee zombie (D:7)
  A howler monkey skeleton (D:7)
  4 howler monkey zombies
  41 gnolls
  6 adders
  5 river rats (D:6)
  5 shadow imps
  2 white imps
  An ufetubus (D:6)
  2 worms
  A dart slug (D:1)
  48 orcs
  3 endoplasms
  4 giant cockroaches
  3 goblins
  15 hobgoblins
  5 jackals
  7 quokkas
  6 ball pythons
  5 bats
  2 frilled lizards
  20 kobolds
  14 rats
  2 briar patches (Swamp:2)
785 creatures vanquished.

Vanquished Creatures (collateral kills)
  A nagaraja (Snake:1)
  Azrael (Orc:2)
  A bunyip (Swamp:1)
  A boulder beetle (D:15)
  4 hydras
  A naga warrior (Snake:1)
  An anaconda (Snake:3)
  A death knight (D:13)
  An alligator (Swamp:1)
  A death yak (Lair:6)
  A shock serpent (Snake:3)
  A swamp dragon (Swamp:1)
  A spriggan druid (Swamp:2)
  A naga ritualist (Snake:1)
  2 orc knights
  2 deep elf zephyrmancers (Elf:1)
  A mana viper (Snake:1)
  3 deep elf pyromancers
  A cyclops (D:12)
  2 salamanders (Snake:1)
  2 will-o-the-wisps
  2 guardian serpents
  A black mamba (Snake:1)
  An elephant (Lair:6)
  A naga mage (Snake:1)
  3 cane toads
  3 komodo dragons
  A troll (D:10)
  2 hornets
  4 blink frogs
  4 dream sheep
  A shadow (D:7)
  2 spriggans (Swamp:1)
  A wraith (D:9)
  14 yaks
  A steam dragon (D:9)
  2 basilisks
  A hog (Lair:4)
  A wyvern (Lair:2)
  3 vampire mosquitoes
  An acid dragon (D:8)
  7 water moccasins
  4 orc warriors
  A black bear (D:4)
  A sky beast (D:8)
  6 ogres
  2 ettin simulacra (IceCv)
  3 centaurs
  3 wolves
  4 bullfrogs
  3 scorpions
  A hornet simulacrum (Gauntlet)
  13 killer bees
  A howler monkey (D:12)
  A centaur zombie (D:8)
  A bullfrog zombie (D:5)
  A jelly (D:7)
  2 orc priests
  A gnoll shaman (D:9)
  2 hounds (D:5)
  An iguana (D:4)
  2 orc wizards
  A killer bee zombie (D:8)
  7 gnolls
  4 adders
  A howler monkey skeleton (D:5)
  A river rat (D:6)
  A shadow imp (D:6)
  2 white imps
  2 worms
  17 orcs
  A ball python (D:2)
  2 endoplasms
  2 hobgoblins
  A jackal (D:4)
  2 kobolds (D:10)
  2 frilled lizards (D:2)
  2 rats
187 creatures vanquished.

Vanquished Creatures (others)
  A mana viper (Snake:1)
  A bloated husk (Swamp:1)
  A human (Lair:4)
  2 hogs (Swamp:1)
  An acid dragon (D:9)
  An orc warrior (Orc:2)
  38 hexers
  2 kobolds (D:10)
  An ancestor (D:1)
  16 foxfires
  60 fungi
  59 plants
  2 withered plants (D:15)
185 creatures vanquished.

Grand Total: 1157 creatures vanquished

Table legend: (Time is in decaauts)
 A = Elapsed time spent in this place.
 B = Non-inter-level travel time spent in this place.
 C = Inter-level travel time spent in this place.
 D = Time resting spent in this place.
 E = Time spent auto-exploring this place.
 F = Levels seen in this place.
 G = Mean time per level.
                   A        B        C        D        E       F      G
               +--------+--------+--------+--------+--------+-----+--------+
         Total |  54573 |  50373 |   4200 |  20156 |  22410 |  34 | 1605.1 |
       Dungeon |  25223 |  23134 |   2089 |   8755 |  10883 |  15 | 1681.5 |
          Lair |  12505 |  11275 |   1230 |   4239 |   5236 |   6 | 2084.2 |
         Swamp |   1970 |   1820 |    150 |    761 |    599 |   2 |  985.0 |
     Snake Pit |   7627 |   7135 |    492 |   3005 |   3439 |   4 | 1906.8 |
  Orcish Mines |   3292 |   3066 |    226 |   1442 |   1079 |   2 | 1646.0 |
   Elven Halls |    482 |    470 |     12 |     83 |    212 |   1 |  482.0 |
        Bailey |    443 |    443 |      0 |     61 |    284 |   1 |  443.0 |
      Ice Cave |   1933 |   1933 |      0 |   1330 |    321 |   1 | 1933.0 |
       Volcano |    212 |    212 |      0 |    151 |     17 |   1 |  212.0 |
      Gauntlet |    881 |    881 |      0 |    328 |    340 |   1 |  881.0 |
               +--------+--------+--------+--------+--------+-----+--------+

Top non-repeatable levels by time:
 Snake:1: 4296 daAuts
     D:7: 3073 daAuts
  Lair:4: 2827 daAuts
  Lair:6: 2802 daAuts
     D:9: 2786 daAuts
     D:6: 2296 daAuts
  Lair:1: 2222 daAuts
     D:8: 2212 daAuts
   Orc:1: 2136 daAuts
    D:11: 2059 daAuts
   IceCv: 1933 daAuts
     D:5: 1875 daAuts
 Snake:3: 1798 daAuts
  Lair:3: 1774 daAuts
    D:13: 1739 daAuts
